 Dungeon Crawl Stone Soup version 0.18-a0-1006-g6b5bfb2 (webtiles) character file.

56 Proton the Shield-Bearer (level 3, 0/23 HPs)
             Began as a Gargoyle Fighter on Jan 6, 2016.
             Killed from afar by Ijyb (3 damage)
             ... with a wand of frost
             ... on level 2 of the Dungeon.
             The game lasted 00:01:50 (1256 turns).

Proton the Shield-Bearer (Gargoyle Fighter)         Turns: 1256, Time: 00:01:50

Health: 0/23       AC: 11    Str: 20    XL:     3   Next: 97%
Magic:  3/3        EV:  7    Int:  8    God:
Gold:   54         SH:  9    Dex:  9    Spells: 0 memorised, 2 levels left

rFire  . . .     SeeInvis .     a - +0 flail
rCold  . . .     Gourm    .     b - +0 scale mail
rNeg   + . .     Faith    .     c - +0 shield
rPois  ∞         Spirit   .     (no helmet)
rElec  +         Dismiss  .     (no cloak)
rCorr  .         Reflect  .     (no gloves)
SustAt .         Harm     .     l - +0 pair of boots (curse)
MR     .....                    (no amulet)
Stlth  ..........               (no ring)
                                j - ring of flight

@: not resistant to hostile enchantments, extremely unstealthy
A: negative energy resistance 1, electricity resistance, unbreathing,
petrification resistance, rot immunity, AC +3
a: Evoke Flight


You were on level 2 of the Dungeon.
You were not hungry.

You visited 1 branch of the dungeon, and saw 2 of its levels.

You collected 54 gold pieces.

Inventory:

Hand Weapons
 a - a +0 flail (weapon)
Armour
 b - a +0 scale mail (worn)
 c - a +0 shield (worn)
 l - a cursed +0 pair of boots (worn)
Jewellery
 j - a ring of flight (left hand)
Scrolls
 e - 2 scrolls of teleportation {unknown}
 g - a scroll of random uselessness {unknown}
 i - 2 scrolls of amnesia {unknown}
Potions
 d - a potion of might
 k - 2 potions of invisibility {unknown}
 m - a potion of flight {unknown}
 n - a potion of haste {unknown}
Comestibles
 f - 2 bread rations
 h - 2 meat rations


   Skills:
 + Level 3.5 Fighting
 + Level 2.3 Maces & Flails
 + Level 3.8 Armour
 + Level 1.1 Dodging
 + Level 3.9 Shields


You had 2 spell levels left.
You didn't know any spells.

Dungeon Overview and Level Annotations

Branches:
Dungeon (2/15)

Altars:

Annotations:
D:2 Ijyb


Innate Abilities, Weirdness & Mutations

You are resistant to torment.
Your stone body is resilient (AC +3).
You are immune to poison.
You resist negative energy.
You are resistant to electric shocks.
You can survive without breathing.
You are immune to petrification.
You are immune to rotting.


Message History

Ijyb hits you.
You barely miss Ijyb.
Ijyb is moderately wounded.
Ijyb zaps a wand.
The puff of frost hits you!
You completely miss Ijyb.
Ijyb is moderately wounded.
Ijyb hits you but does no damage. x2
You closely miss Ijyb.
Ijyb is moderately wounded.
Ijyb screams, "Me very upset!"
Ijyb zaps a wand.
The puff of frost hits you!
* * * LOW HITPOINT WARNING * * *
You hit Ijyb.
Ijyb is severely wounded.
Ijyb zaps a wand.
The puff of frost hits you!
Your shield prevents you from hitting Ijyb.
Ijyb is severely wounded.
Ijyb zaps a wand.
You block the puff of frost.
Ijyb zaps a wand.
The puff of frost hits you!
You die...

####### ......# ###########
......+ .......... ......#
.........# ......# .........#
......# .?....g..####.#
......# .......@).....#
......# ########.######
......# #....#.#######
......# #.##.#........
.......# #.##.......... #
.......#####.##..##########..
.......+.....................
.......#.######.....<....###
######.#.# ##.####......#


You could see Ijyb.

Vanquished Creatures
  An adder (D:2)
  2 worms (D:2)
  A giant gecko (D:2)
  A giant cockroach (D:2)
  A goblin (D:1)
  8 hobgoblins
  6 jackals (D:1)
  3 kobolds
  5 bats
  3 giant newts
  6 rats
37 creatures vanquished.

Notes
Turn   | Place    | Note
--------------------------------------------------------------
     0 | D:1      | Proton the Gargoyle Fighter began the quest for the Orb.
     0 | D:1      | Reached XP level 1. HP: 14/14 MP: 1/1
   285 | D:1      | Reached XP level 2. HP: 19/19 MP: 2/2
   612 | D:1      | Reached XP level 3. HP: 20/23 MP: 3/3
   965 | D:2      | Reached skill level 1 in Dodging
  1244 | D:2      | Noticed Ijyb
  1256 | D:2      | Killed from afar by Ijyb

Vault maps used:
D:1:      lightli_arrival_windingriver
D:2:      first_bread, minmay_rats_cheesy_pizza, uniq_iyjb

Action                   || total
-------------------------++-------
Melee: Flail             ||   137
  Eat: Chunk             ||     1
